AoeStats
← Joaking

Socotra

505569849Analyzed
4v4 RM · 22d ago on Sep 10, 2026· 21m 33s· 8 players
Game mode
Random Map
Map size
148×148
Population
200
Speed
Normal
Resources
Standard
Victory
Conquest
Starting age
Dark Age
Ending age
Imperial Age
RankedLock teamsTeams togetherTeam positionsShared explorationLock speedFull tech treeHidden civsTurbo modeCheats
Victory
Defeat
🇧🇷 Portuguese · Brazil
1271
+7
🇧🇷 Persians · Brazil
1037
+15
🇧🇷 Huns · Brazil
999
+17
🇧🇷 Khmer · Brazil
959
+44
🇲🇽 Cumans · Mexico
1075
-16
🇨🇱 Spanish · Chile
1038
-15
🇨🇦 Bulgarians · Canada
1022
-14
🇨🇴 Sicilians · Colombia
964
-12
Joaking
6:36 Loom
12:22 Feudal Age
18:52 Fletching
mr.aaandrex
0:32 Loom
16:04 Feudal Age
16:59 Double-Bit Axe
16:57 Horse Collar
19:47 Stone Mining
.
3:33 Loom
9:50 Feudal Age
10:16 Double-Bit Axe
15:47 Scale Mail Armor
21:35 Castle Age
19:46 Horse Collar
19:58 Gold Mining
20:24 Forging
20:19 Scale Barding Armor
Tezcatlipoca
3:00 Loom
10:39 Feudal Age
11:38 Double-Bit Axe
13:41 Fletching
galo
11:25 Feudal Age
11:57 Loom
17:11 Castle Age
17:57 Double-Bit Axe
18:51 Bloodlines
KFE@ChicoN
10:56 Feudal Age
10:35 Loom
11:28 Double-Bit Axe
16:06 Fletching
17:08 Padded Archer Armor
KFE@Vitalino
9:45 Feudal Age
10:30 Double-Bit Axe
10:37 Loom
11:05 Gold Mining
13:09 Horse Collar
13:31 Fletching
16:51 Padded Archer Armor
23:00 Castle Age
KFE@_CU_GORDO
10:50 Feudal Age
11:13 Loom
16:45 Castle Age
15:21 Double-Bit Axe
16:26 Horse Collar
17:20 Forging
21:06 Husbandry
21:42 Scale Barding Armor
Connection lost

Rejoining the realm…

Still unreachable

The connection could not be restored.

Session expired

The server has moved on; the page needs a fresh start.